 Dungeon Crawl Stone Soup version 0.31-a0-1610-g9787180647 (webtiles) character file.

Game seed: 124304080199925128

80199 Solx the Destroyer (level 15, 0/98 (108) HPs)
             Began as a Red Draconian Conjurer on Jan 7, 2024.
             Was the Champion of Hepliaklqana.
             Slain by an Executioner (11 damage)
             ... on level 4 of the Abyss on Jan 9, 2024.
             The game lasted 02:28:02 (29690 turns).

Solx the Destroyer (Red Draconian Conjurer)        Turns: 29690, Time: 02:28:03

HP:   0/98 (108)    AC: 13    Str:  9    XL:     15   Next: 23%
MP:   32/32         EV: 14    Int: 32    God:    Hepliaklqana [******]
Gold: 1328          SH:  8    Dex: 17    Spells: 17/41 levels left

rFire   + . .        m - +6 dagger "Zeby" {elec, SInv}
rCold   + . .        Z - +2 buckler {rC+}
rNeg    . . .        (body armour unavailable)
rPois   +            (helmet restricted)
rElec   .            (no cloak)
rCorr   .            Y - +1 pair of gloves
SInv    +            F - +1 pair of boots of the Teacher {*Slow Regen+ Dex+7}
Will    +....        Q - amulet of magic regeneration
Stlth   ++           z - ring of poison resistance
HPRegen 1.16/turn    P - +6 ring of intelligence
MPRegen 0.63/turn

%: slow self (1%)
@: about to teleport, drained
A: reduced essence, breathe fire, AC +9, unfitting armour, fire resistance 1,
cold-blooded, [inability to drink after injury 2]
a: Breathe Fire, Renounce Religion, Recall Ancestor, Ancestor Identity,
Transference, Idealise


You were on level 4 of the Abyss.
You worshipped Hepliaklqana.
Hepliaklqana was exalted by your worship.
You visited 5 branches of the dungeon, and saw 22 of its levels.
You visited the Abyss 1 time.
You also visited: Sewer, Gauntlet and Ice Cave.

You collected 2554 gold pieces.
You spent 1226 gold pieces at shops.

Inventory:

Hand Weapons
 m - the +6 dagger "Zeby" (weapon) {elec, SInv}
   (You found it on level 12 of the Dungeon)

   SInv:      It lets you see invisible.
Missiles
 t - 6 curare-tipped darts (quivered)
 I - a throwing net
Armour
 F - the +1 pair of boots of the Teacher (worn) {*Slow Regen+ Dex+7}
   (You found it on level 7 of the Dungeon)

   Dex+7:     It affects your dexterity (+7).
   Regen+:    It increases your rate of health regeneration.
   *Slow:     It may slow you when you take damage.
 Y - a +1 pair of gloves (worn)
 Z - a +2 buckler of cold resistance (worn)
Magical Staves
 i - the staff "Nepyoxul" {^Fragile rElec rPois rF++ Earth}
   (You found it in a Gauntlet)

   [staff of earth]

   Base accuracy: +5 Base damage: 5 Base attack delay: 1.2 This weapon's minimum
   attack delay (0.6) is reached at skill level 12.
   rF++:      It greatly protects you from fire.
   rElec:     It insulates you from electricity.
   rPois:     It protects you from poison ^Fragile: It will be destroyed if
   unequipped.
   Earth:     It increases the power of your Earth spells.
   It falls into the 'Staves' category.
   It is a one-handed weapon.
 O - the staff of Ankeig {*Corrode rF+ rC+ Str+4 Fire}
   (You found it in a Gauntlet)

   [staff of fire]

   Base accuracy: +5 Base damage: 5 Base attack delay: 1.2 This weapon's minimum
   attack delay (0.6) is reached at skill level 12.
   Str+4:     It affects your strength (+4).
   rF+:       It protects you from fire.
   rC+:       It protects you from cold.
   *Corrode:  It may corrode you when you take damage.
   Fire:      It increases the power of your Fire spells.
   It falls into the 'Staves' category.
   It is a one-handed weapon.
Jewellery
 y - the ring of Faruix {rF- AC+4 Dex+3}
   (You found it in a Gauntlet)

   [ring of protection]

   AC+4:      It affects your AC (+4).
   Dex+3:     It affects your dexterity (+3).
   rF-:       It makes you vulnerable to fire.
 z - a ring of poison resistance (left hand)
 E - a ring of protection from cold
 H - a ring of magical power
 P - a +6 ring of intelligence (right hand)
 Q - an amulet of magic regeneration (around neck)
 R - the ring "Qetiof" {rF- rC++ rN+ Will+}
   (You found it in a Gauntlet)

   [ring of positive energy]

   rF-:       It makes you vulnerable to fire.
   rC++:      It greatly protects you from cold.
   rN+:       It protects you from negative energy.
   Will+:     It increases your willpower.
 T - a ring of flight
Talismans
 h - a granite talisman
Wands
 j - a wand of paralysis (13)
 r - a wand of flame (37)
 w - a wand of mindburst (9)
 J - a wand of polymorph (11)
 W - a wand of iceblast (19)
Scrolls
 c - 2 scrolls of amnesia
 d - 2 scrolls of brand weapon
 f - 2 scrolls of silence
 g - a scroll of torment {unknown}
 l - 4 scrolls of fog
 o - 2 scrolls of enchant armour
 q - 6 scrolls of revelation
 s - 4 scrolls of fear
 u - 2 scrolls of immolation
 C - 2 scrolls of summoning
 D - a scroll of blinking
 K - a scroll of noise {unknown}
 M - a scroll of poison {unknown}
 U - 3 scrolls of teleportation
 X - 6 scrolls of enchant weapon
Potions
 a - 4 potions of magic
 b - 3 potions of mutation
 e - 4 potions of berserk rage {unknown}
 k - 3 potions of brilliance
 n - 3 potions of enlightenment
 v - 2 potions of might {unknown}
 x - 2 potions of haste
 A - a potion of attraction {unknown}
 B - 5 potions of lignification
 G - a potion of cancellation {unknown}
 N - a potion of heal wounds {unknown}
 S - 4 potions of ambrosia {unknown}
 V - 6 potions of curing
Miscellaneous
 p - a phial of floods (inert)


   Skills:
 - Level 8.0 Fighting
 - Level 6.0 Dodging
 - Level 1.7 Stealth
 - Level 6.0 Shields
 + Level 13.9 Spellcasting
 + Level 14.1 Conjurations
 - Level 4.0 Translocations
 * Level 5.1 Fire Magic
 - Level 4.3 Earth Magic
 - Level 10.1 Alchemy
 - Level 8.0 Invocations
 - Level 5.0 Evocations


You had 17 spell levels left.
You knew the following spells:

 Your Spells              Type           Power      Damage    Failure   Level
a - Magic Dart            Conj           100%       1d8       0%          1
b - Searing Ray           Conj           100%       2d8       0%          2
c - Iskenderun's Mystic   Conj/Tloc      69%        2d14      1%          4
d - Blink                 Tloc           94%        N/A       1%          2
e - Fulminant Prism       Conj/Alch      39%        3d17      1%          4
f - Eringya's Noxious Bo  Alch           36%        4d6       7%          6
g - Irradiate             Conj/Alch      39%        3d24      1%          5

Your spell library contained the following spells:

 Spells                   Type           Power      Damage    Failure   Level
 Apportation              Tloc           94%        N/A       1%          1
 Kiss of Death            Conj/Necr      100%       2d13      1%          1
 Sting                    Conj/Alch      100%       1d9       1%          1
 Lesser Beckoning         Tloc           94%        N/A       1%          2
 Momentum Strike          Conj/Tloc      100%       3d10      1%          2
 Leda's Liquefaction      Alch/Erth      31%        N/A       1%          4
 Petrify                  Alch/Erth      62%        N/A       1%          4
 Iskenderun's Battlesphe  Conj           85%        2d13      1%          5
 Necrotise                Necr           88%        1d8       3%          1
 Summon Small Mammal      Summ           88%        N/A       3%          1
 Inner Flame              Hex/Fire       38%        N/A       3%          3
 Call Imp                 Summ           44%        N/A       4%          2
 Ensorcelled Hibernation  Hex/Ice        44%        N/A       4%          2
 Orb of Destruction       Conj           42%        9d12      8%          7
 Confusing Touch          Hex            22%        N/A       9%          3
 Frozen Ramparts          Ice            44%        1d7       9%          3
 Fugue of the Fallen      Necr           22%        N/A       9%          3
 Tukima's Dance           Hex            22%        N/A       9%          3
 Vampiric Draining        Necr           22%        2d7       9%          3
 Summon Blazeheart Golem  Fire/Summ      38%        N/A       10%         4
 Bombard                  Conj/Erth      34%        9d6       10%         6
 Dimensional Bullseye     Hex/Tloc       17%        N/A       13%         4
 Anguish                  Hex/Necr       11%        N/A       28%         4
 Dispel Undead            Necr           22%        3d12      28%         4
 Martyr's Knell           Necr/Summ      22%        N/A       28%         4
 Summon Forest            Summ/Tloc      17%        N/A       34%         5
 Sculpt Simulacrum        Ice/Alch       26%        N/A       47%         6
 Curse of Agony           Necr           22%        N/A       63%         5
 Metabolic Englaciation   Hex/Ice        11%        N/A       63%         5
 Spellforged Servitor     Conj/Summ      30%        N/A       80%         7
 Ozocubu's Refrigeration  Ice            11%        4d9       100%        7
 Summon Hydra             Summ           11%        N/A       100%        7
 Ignition                 Fire           26%        3d9       100%        8
 Polar Vortex             Ice            11%        12d1*     100%        9


Dungeon Overview and Level Annotations

Branches:
Dungeon (13/15)            Temple (1/1) D:7            Lair (5/5) D:10
 Shoals (0/4) Lair:2       Spider (1/4) Lair:2        Slime (0/5) Lair:4
    Orc (2/2) D:12            Elf (0/3) Orc:2         Sewer (visited)
  IceCv (visited)         Gauntlet (visited)
 Vaults: D:13-14

Altars:
Ashenzari
Cheibriados
Dithmenos
Elyvilon
Fedhas
Gozag
Hepliaklqana
Kikubaaqudgha
Makhleb
Nemelex Xobeh
Okawaru
Qazlal
Ru
Sif Muna
Trog
Uskayaw
Vehumet
Wu Jian
Xom
Yredelemnul
Zin
The Shining One

Shops:
D:2 !?   Orc:2 [(*:*

Annotations:
D:6 2 transporters, Flugslaktarn's ghost, novice OpAl
D:9 1 runed translucent door, Tenar's ghost, novice DsCA
Spider:1 Louise


Innate Abilities, Weirdness & Mutations

Your life essence is reduced to manifest your ancestor. (-10% HP)
You can breathe blasts of fire.
Your fiery red scales are hard. (AC +9)
You cannot fit into any form of body armour.
Your flesh is heat resistant. (rF+)
You are cold-blooded and may be slowed by cold attacks.
[You sometimes lose the ability to drink potions when taking damage.]


Message History

The Executioner hits you!! The Executioner hits you.
The Executioner closely misses you. The Executioner hits you.
The Executioner closely misses you. The Executioner completely misses you.
The Executioner hits you! The Executioner hits you.
The Executioner hits you but does no damage.
A wretched star comes into view.
The large abomination hits your starcursed mass.
Your starcursed mass shudders and is absorbed by its neighbour.
The weeping skull releases gushing sobs.
The wave of grief passes through you. The Executioner hits you. x2
* * * LOW HITPOINT WARNING * * *
The Executioner hits you but does no damage.
The Executioner barely misses you. You block the Executioner's attack.
The Executioner hits you.
* * * LOW HITPOINT WARNING * * *
The laughing skull lets out a vicious peal of laugher.
The bolt of negative energy hits the thrashing horror.
The thrashing horror completely resists.
The bolt of negative energy hits the thrashing horror.
The thrashing horror completely resists.
The bolt of negative energy hits the Executioner.
The Executioner completely resists.
The bolt of negative energy hits you!!
You feel drained.
* * * LOW HITPOINT WARNING * * *
A starcursed mass splits.
Unknown command.
Blink to where?
Press: ? - help, Q - select action, (/) - cycle Dir - move target
As you read the scroll of blinking, it crumbles to dust.
The wretched star pulses with an eldritch light!
You occasionally lose the ability to drink potions when taking damage.
You lose the ability to drink potions when taking damage more often.
You enter the shallow water.
Moving in this stuff is going to be slow.
Found a corrupted altar of Lugonu.
The wretched star glows turbulently.
You block the lance of force. The Executioner hits you!
You die...

#.##.≈.≈#○z.XzXX#
. .# .
#.#..#.#####.#
.#.#. .#.≈.#.#
2.§ ....#. #
.≈...# .4...
#....####...#.#
......
#.#..#§~.X*#§..#
.....
§#§..#§X.≈#.# #
#.. ##..#1.≈≈# #
# §.§.@≈####
#....#~≈§# ##.
.#. #~..#. ##.~..
#.#~#.. #§_.#♣.#
#.### .# #.### ##


You could see a wretched star, an Executioner (fast) and 2 thrashing horrors.

Vanquished Creatures
  Frances (D:13)
  A caustic shrike zombie (Abyss:3)
  An orc warlord (Orc:2)
  A minotaur (Gauntlet)
  Snorg (D:10)
  Fannar (D:10)
  A great orb of eyes (Abyss:3)
  A hydra (Lair:5)
  2 ice dragons (Lair:5)
  A catoblepas (Lair:4)
  Erica (D:10)
  A boulder beetle (D:12)
  2 death yaks (Lair:3)
  5 two-headed ogres
  4 orc high priests (Orc:2)
  Nergalle (D:10)
  Amaemon (D:8)
  A skyshark (Lair:3)
  A bog body (IceCv)
  An orb spider (Lair:2)
  A swamp dragon (Lair:5)
  A necromancer (IceCv)
  2 lindwurms (Lair:5)
  An orc knight (Orc:2)
  A deep elf pyromancer (D:12)
  An ugly thing (D:12)
  3 oklob plants (Lair:1)
  An orc sorcerer (Orc:2)
  A moth of wrath (Gauntlet)
  2 worldbinders
  3 manticores
  2 kobold blastminers (Orc:2)
  10 elephants
  2 ice statues (IceCv)
  3 black mambas
  An orange demon (D:8)
  2 gargoyles
  2 unseen horrors
  8 cane toads
  A minotaur zombie (Gauntlet)
  4 torpor snails (Lair:5)
  2 rime drakes
  2 anaconda simulacra (IceCv)
  Jeremiah (Lair:1)
  A kobold demonologist (D:12)
  6 komodo dragons
  A freezing wraith (IceCv)
  5 ice devils (IceCv)
  4 trolls
  A harpy zombie (Abyss:3)
  A polar bear (Lair:2)
  5 hornets
  4 tyrant leeches
  14 blink frogs
  A raiju (Abyss:3)
  3 slime creatures (D:11)
  2 shadows (D:10)
  3 wyverns
  2 wraiths
  20 yaks
  A golden eye (Lair:1)
  2 basilisks
  2 dire elephant simulacra (IceCv)
  2 wargs
  A neqoxec (Abyss:3)
  6 steam dragons
  4 vampire mosquitoes
  A harpy simulacrum (IceCv)
  A hydra simulacrum (IceCv)
  3 acid dragons
  3 swamp worms (Gauntlet)
  6 water moccasins
  4 ice beasts
  18 orc warriors
  A black bear (D:5)
  A swamp drake (D:12)
  8 ogres
  18 wolves
  3 centaurs
  A boggart (Gauntlet)
  8 kobold brigands
  3 phantoms (D:5)
  13 bullfrogs
  3 scorpions (D:5)
  A gnoll sergeant (D:9)
  8 wights
  4 killer bees
  4 electric eels
  A howler monkey (D:5)
  2 bombardier beetles (D:5)
  3 hounds (D:5)
  11 orc priests
  6 jellies
  A sleepcap (D:6)
  6 iguanas
  19 orc wizards
  2 troll simulacra (IceCv)
  A spriggan simulacrum (IceCv)
  A wolf simulacrum (IceCv)
  5 gnolls (D:9)
  17 adders
  A shadow imp (D:7)
  A white imp (D:7)
  An ufetubus (D:5)
  3 ribbon worms
  8 dart slugs
  53 orcs
  9 bats
  7 endoplasms
  17 giant cockroaches
  5 goblins
  7 hobgoblins
  29 kobolds
  3 quokkas
  25 ball pythons
  5 frilled lizards
  5 rats (D:1)
  A butterfly (Lair:5)
  11 fulminant prisms
555 creatures vanquished.

Vanquished Creatures (collateral kills)
  A deep elf demonologist (Abyss:4)
  Harold (Orc:1)
  A boulder beetle (Lair:5)
  2 two-headed ogres
  A death yak (Lair:3)
  Urug (D:11)
  A skyshark (Lair:3)
  A large abomination (Abyss:4)
  An orc sorcerer (Orc:2)
  An ugly thing (D:12)
  A worldbinder (Abyss:4)
  An elephant (Lair:4)
  4 cane toads
  A black mamba (Lair:2)
  A torpor snail (Lair:5)
  A smoke demon (Abyss:3)
  2 minotaur zombies (Gauntlet)
  3 rime drakes
  2 komodo dragons
  2 anaconda simulacra (IceCv)
  An ice devil (IceCv)
  4 trolls
  2 hornets (Lair:5)
  2 raiju (Abyss:4)
  6 blink frogs (Lair:1)
  A slime creature (D:11)
  A wyvern (Lair:3)
  5 yaks
  Grum (D:11)
  4 vampire mosquitoes
  A harpy simulacrum (IceCv)
  A small abomination (Abyss:3)
  3 water moccasins
  A hydra simulacrum (IceCv)
  A swamp drake (Lair:5)
  7 orc warriors
  An ogre (Orc:1)
  A kobold brigand (D:11)
  3 bullfrogs
  An elephant simulacrum (IceCv)
  An electric eel (D:8)
  2 iguanas (Lair:5)
  5 orc wizards
  7 orcs
  2 kobolds
  2 butterflies (Lair:5)
  A lurking horror (Abyss:4)
96 creatures vanquished.

Vanquished Creatures (others)
  An ancestor (D:8)
  15 knights
  345 fulminant prisms
  A starspawn tentacle (Abyss:4)
362 creatures vanquished.

Grand Total: 1013 creatures vanquished

Notes
Turn   | Place    | Note
-------+----------+-------------------------------------------
     0 | D:1      | Solx the Draconian Conjurer began the quest for the Orb.
     0 | D:1      | Reached XP level 1. HP: 14/14 MP: 3/3
     0 | D:1      | Upgraded the game from 0.31-a0-1598-g94871bc2e8 to
                  | 0.31-a0-1610-g9787180647
   613 | D:1      | Reached XP level 2. HP: 16/20 MP: 1/5
   947 | D:1      | Learned a level 2 spell: Searing Ray
  1763 | D:1      | Reached XP level 3. HP: 25/26 MP: 0/7
  2546 | D:2      | Found Puijoyla's Magic Scroll Boutique.
  2555 | D:2      | Bought a scroll of identify for 26 gold pieces
  3060 | D:2      | Reached XP level 4. HP: 33/33 MP: 2/8
  3384 | D:2      | Found Meocw's Distillery.
  3626 | D:3      | Reached skill level 5 in Conjurations
  3718 | D:3      | Reached skill level 1 in Translocations
  3932 | D:3      | Found a glowing drain.
  3984 | Sewer    | Entered a sewer
  3990 | Sewer    | Reached XP level 5. HP: 30/38 MP: 0/10
  5294 | Sewer    | Reached XP level 6. HP: 45/45 MP: 0/12
  5424 | Sewer    | Learned a level 4 spell: Iskenderun's Mystic Blast
  5965 | D:3      | Found a basalt altar of Yredelemnul.
  7453 | D:4      | Found a sparkling altar of Nemelex Xobeh.
  7769 | D:4      | Reached skill level 6 in Conjurations
  7887 | D:5      | Entered Level 5 of the Dungeon
  7895 | D:5      | Your scales start taking on a fiery red colour.
  7895 | D:5      | Reached XP level 7. HP: 50/50 MP: 8/13
  7895 | D:5      | Gained mutation: Your flesh is heat resistant. (rF+) [Red
                  | Draconian growth]
  8090 | D:5      | Found a hazy altar of Hepliaklqana.
  8092 | D:5      | Found a white marble altar of Elyvilon.
  8190 | D:5      | Reached skill level 5 in Spellcasting
  8929 | D:5      | Reached skill level 7 in Conjurations
  9015 | D:5      | Reached XP level 8. HP: 39/57 MP: 0/16
  9380 | D:5      | Learned a level 2 spell: Blink
  9754 | D:5      | Reached skill level 8 in Conjurations
  9834 | D:5      | Reached skill level 1 in Alchemy
 10196 | D:5      | Found a shimmering altar of Xom.
 10284 | D:6      | Found a transporter.
 10285 | D:6      | Noticed a manticore
 10407 | D:6      | Found a transporter.
 10407 | D:6      | Noticed Flugslaktarn's ghost (novice OpAl)
 10419 | D:6      | Reached XP level 9. HP: 62/62 MP: 14/19
 10515 | D:6      | Learned a level 4 spell: Fulminant Prism
 10577 | D:5      | Became a worshipper of Hepliaklqana the Forgotten
 10698 | D:5      | Reached skill level 9 in Conjurations
 11723 | D:6      | Reached skill level 5 in Alchemy
 12143 | D:7      | Found a staircase to the Ecumenical Temple.
 12162 | D:7      | Paralysed by a hornet for 3 turns
 12167 | D:7      | Reached skill level 10 in Conjurations
 12352 | Temple   | Entered the Ecumenical Temple
 13072 | D:7      | Identified the +1 pair of boots of the Teacher {*Slow
                  | Regen+ Dex+7}
 13378 | D:8      | Reached XP level 10. HP: 64/69 MP: 15/20
 13378 | D:8      | Noticed Amaemon
 13633 | D:8      | Reached * piety under Hepliaklqana
 13637 | D:8      | Noticed a two-headed ogre
 13862 | D:8      | Noticed a two-headed ogre
 14022 | D:8      | Reached skill level 1 in Fighting
 14051 | D:8      | Killed a two-headed ogre
 14052 | D:8      | Reached skill level 11 in Conjurations
 14201 | D:8      | Noticed an orange demon
 14310 | D:8      | Found a snail-covered altar of Cheibriados.
 14513 | D:8      | Killed a two-headed ogre
 14621 | D:8      | Killed an orange demon
 14629 | D:8      | Killed Amaemon
 14886 | D:9      | Found an ornate altar of the Wu Jian Council.
 14969 | D:9      | Found a runed translucent door.
 14980 | D:9      | Noticed Tenar's ghost (novice DsCA)
 15225 | D:9      | Reached ** piety under Hepliaklqana
 15226 | D:9      | Remembered your ancestor Bozidara as a knight
 15345 | D:9      | Reached skill level 12 in Conjurations
 15446 | D:9      | Reached XP level 11. HP: 75/75 MP: 22/23
 15719 | D:9      | Found an opulent altar of Gozag.
 15907 | D:10     | Entered Level 10 of the Dungeon
 15907 | D:10     | Noticed Snorg
 16055 | D:10     | Killed Snorg
 16136 | D:10     | Noticed Erica
 16147 | D:10     | Killed Erica
 16225 | D:10     | Noticed Nergalle
 16241 | D:10     | Killed Nergalle
 16415 | D:10     | Found a stormy altar of Qazlal.
 16535 | D:10     | Noticed Fannar
 16544 | D:10     | Killed Fannar
 16545 | D:10     | Reached skill level 10 in Spellcasting
 16664 | D:10     | Noticed a two-headed ogre
 16668 | D:10     | Killed a two-headed ogre
 16711 | D:10     | Found a staircase to the Lair.
 17097 | D:11     | Noticed Urug
 17307 | D:11     | Noticed Grum
 17315 | D:11     | Killed Grum
 17713 | D:11     | Reached *** piety under Hepliaklqana
 17797 | D:11     | Reached XP level 12. HP: 72/81 MP: 22/27
 17866 | D:11     | Noticed a two-headed ogre
 17871 | D:11     | Killed a two-headed ogre
 18160 | D:11     | Killed Urug
 18321 | D:12     | Found a frozen archway.
 18327 | IceCv    | Entered an ice cave
 18826 | IceCv    | Reached skill level 1 in Invocations
 19257 | D:12     | Noticed a two-headed ogre
 19264 | D:12     | Killed a two-headed ogre
 19398 | D:12     | Found a staircase to the Orcish Mines.
 19507 | D:12     | Identified the +6 dagger "Zeby" {elec, SInv}
 19547 | D:12     | Identified the scarf "Heasiz" {rC+ rF+, Will+ MP+9 Str+2}
 19906 | D:12     | Noticed a boulder beetle
 19926 | D:12     | Killed a boulder beetle
 19992 | D:12     | Reached skill level 5 in Shields
 19992 | D:12     | Reached skill level 5 in Invocations
 20192 | D:12     | Reached XP level 13. HP: 86/86 MP: 25/30
 20263 | D:12     | Identified the +2 helmet of Gunwesh {Dex+5}
 20492 | Lair:1   | Entered Level 1 of the Lair of Beasts
 20530 | Lair:1   | Noticed Jeremiah
 20537 | Lair:1   | Killed Jeremiah
 20767 | Lair:1   | Reached skill level 1 in Evocations
 20969 | Lair:1   | Reached **** piety under Hepliaklqana
 22318 | Lair:2   | Found a hole to the Spider Nest.
 22510 | Lair:2   | Found a staircase to the Shoals.
 22835 | Lair:3   | Found a gate leading to a gauntlet.
 22858 | Gauntlet | Entered a Gauntlet
 22858 | Gauntlet | Found a transporter.
 22858 | Gauntlet | Found a transporter.
 22865 | Gauntlet | Found a transporter.
 22865 | Gauntlet | Found a transporter.
 22866 | Gauntlet | Found a transporter.
 22866 | Gauntlet | Found a transporter.
 22898 | Gauntlet | Reached ***** piety under Hepliaklqana
 22899 | Gauntlet | Found a transporter.
 22903 | Gauntlet | Found a transporter.
 22918 | Gauntlet | Found a transporter.
 22934 | Gauntlet | Found a transporter.
 22939 | Gauntlet | Found a transporter.
 22960 | Gauntlet | Found a transporter.
 23132 | Gauntlet | Identified the ring of Faruix {rF- AC+4 Dex+3}
 23187 | Gauntlet | Reached skill level 13 in Conjurations
 23193 | Gauntlet | Identified the ring "Qetiof" {rF- rC++ rN+ Will+}
 23224 | Gauntlet | Identified the +3 rapier "Saxaum" {freeze, ^Fragile Str+3
                  | Dex+3}
 23224 | Gauntlet | Noticed a minotaur
 23239 | Gauntlet | Killed a minotaur
 23248 | Gauntlet | Identified the staff of Ankeig {*Corrode rF+ rC+ Str+4
                  | Fire}
 23248 | Gauntlet | Identified the staff "Nepyoxul" {^Fragile rElec rPois rF++
                  | Earth}
 23520 | Lair:3   | Reached skill level 5 in Evocations
 23659 | Lair:3   | Reached skill level 5 in Fighting
 23661 | Lair:3   | Reached skill level 1 in Fire Magic
 23853 | Lair:3   | Reached skill level 1 in Earth Magic
 23952 | Lair:3   | Reached XP level 14. HP: 75/96 MP: 23/31
 24743 | Lair:4   | Found a staircase to the Slime Pits.
 25530 | Lair:5   | Entered Level 5 of the Lair of Beasts
 25709 | Lair:5   | Reached skill level 5 in Dodging
 26279 | Lair:5   | Reached skill level 14 in Conjurations
 26796 | Lair:5   | Reached skill level 10 in Alchemy
 27199 | Lair:5   | Identified a scroll of acquirement
 27200 | Lair:5   | Acquired a book of Power
 27234 | Lair:5   | Learned a level 6 spell: Eringya's Noxious Bog
 27658 | Orc:1    | Entered Level 1 of the Orcish Mines
 27790 | Orc:1    | Noticed Harold
 27800 | Orc:1    | Killed Harold
 27997 | Orc:2    | Entered Level 2 of the Orcish Mines
 27998 | Orc:2    | Found Dimap's General Store.
 27999 | Orc:2    | Noticed an orc warlord
 28267 | Orc:2    | Killed an orc warlord
 28397 | Orc:2    | Reached XP level 15. HP: 106/106 MP: 9/32
 28449 | Orc:2    | Found Cobaleir's Book Shop.
 28518 | Orc:2    | Found Xaag's General Store.
 28520 | Orc:2    | Found a staircase to the Elven Halls.
 28576 | Orc:2    | Bought a book of Spontaneous Combustion for 570 gold pieces
 28582 | Orc:2    | Learned a level 5 spell: Irradiate
 28641 | Orc:2    | Found Ygisedyn's Antique Weapon Emporium.
 28780 | Orc:2    | Found Tayd's Antique Armour Emporium.
 28910 | Orc:2    | Bought a book of Dangerous Friends for 630 gold pieces
 29145 | D:13     | Noticed Frances
 29152 | D:13     | Killed Frances
 29409 | Spider:1 | Entered Level 1 of the Spider Nest
 29418 | Spider:1 | Noticed Louise
 29419 | Abyss:3  | Cast into level 3 of the Abyss (Louise)
 29425 | Abyss:3  | Found a corrupted altar of Lugonu.
 29522 | Abyss:3  | Reached ****** piety under Hepliaklqana
 29594 | Abyss:3  | Noticed a tentacled starspawn
 29664 | Abyss:4  | Noticed an Executioner
 29676 | Abyss:4  | Reached skill level 5 in Fire Magic
 29677 | Abyss:4  | Noticed a hellephant
 29689 | Abyss:4  | Found a corrupted altar of Lugonu.
 29690 | Abyss:4  | Slain by an Executioner

Illustrated notes

Levels and vault maps discovered:
D:1:      minmay_arrival_doors, layout_basic
D:2:      layout_loops_ring, serial_shops,
          nicolae_shop_competitors_out_of_business,
          nicolae_shop_industrial_runoff, hangedman_glass_teeth
D:3:      layout_loops_corners, marbit_many_paths, gup_sewer_entry_pipe
D:4:      layout_basic, nemelex_xobeh_ov_fountains_minmay
D:5:      layout_loops_cross, nicolae_overflow_hidden_temple,
          general_overflow_altar, nzn_random_ring
D:6:      layout_rooms, gammafunk_ghost_arena
D:7:      layout_basic, minmay_temple_entry_tees, patterned_corridor
D:8:      layout_rooms, cheibrodos_worm_habitat, serial_bayou_lagoon_a,
          water_boxes_lemuel, uniq_amaemon
D:9:      layout_stronghold, grunt_gozag_breadcrumbs,
          mainiacjoe_overflow_cross_hatched, ebering_ghost_reflecting_pool
D:10:     layout_loops_cross, nicolae_qazlal_general_emergency,
          lair_entry_dummy, uniq_fannar, uniq_snorg, uniq_nergalle, uniq_erica
D:11:     layout_loops_ring, uniq_grum, uniq_urug
D:12:     nooodl_glass_maze, layout_loops_corners, erik_orc_1,
          portal_ice_cave_entry_pillars_2
D:13:     layout_loops_ring, hellmonk_vaults_keyhole, kennysheep_kite_vault,
          uniq_kirke, uniq_frances
Temple:   compressed_dpeg_triangle_lava_temple
Lair:1:   layout_regular_city, disabler_island, infiniplex_staircase_pool,
          serial_bayou_shore_a, uniq_jeremiah
Lair:2:   layout_long_grid, elwin_shoals_entry_rocks,
          nicolae_spider_entry_orb_guardian, grunt_megastairs_1
Lair:3:   layout_gridlike, gauntlet_entry_generic, nicolae_lair_lil_pond
Lair:4:   layout_gridlike, slime_entry_1, serial_bayou_shore_b
Lair:5:   wormcave, layout_regular_city, guppyfry_lair_end_dragon,
          lemuel_fruit_fields
Spider:1: layout_spider_delve, hellmonk_ghost_happy_afterlife, uniq_louise
Orc:1:    layout_caves, uniq_harold
Orc:2:    grunt_orc_gardens, layout_caves, grunt_orc_garden, grunt_orc_garden,
          grunt_orc_garden, grunt_orc_garden, serial_shops, shop
Abyss:4:  base: D:15, evilmike_abyss_exit_1, minivault_28

Skill      XL: |  1  2  3  4  5  6  7  8  9 10 11 12 13 14 15 |
---------------+----------------------------------------------+-----
Spellcasting   | 3 4 5 6 8 11 13 | 13.9
Conjurations   | 5 6 7 8 10 12 13 14 | 14.1
Translocations | 1 2 3 4 |  4.0
Alchemy        | 2 6 8 10 | 10.1
Dodging        | 2 3 4 6 |  6.0
Fighting       | 4 5 7 8 |  8.0
Invocations    | 5 8 |  8.0
Shields        | 5 6 |  6.0
Evocations     | 5 |  5.0
Fire Magic     | 2 3 5 |  5.1
Earth Magic    | 1 4 |  4.3
Stealth        | |  1.7

Action                     |  1- 3 |  4- 6 |  7- 9 | 10-12 | 13-15 || total
---------------------------+-------+-------+-------+-------+-------++-------
  Melee: Dagger            |    19 |    34 |    38 |     1 |   112 ||   204
         Tailslap          |     2 |     3 |     9 |     8 |    13 ||    35
         Punch             |     1 |     1 |       |       |       ||     2
         Short sword       |       |       |     1 |    40 |       ||    41
  Throw: Dart              |       |       |       |     4 |     2 ||     6
   Cast: Magic Dart        |    68 |   121 |    88 |    21 |       ||   298
         Searing Ray       |     3 |    14 |    60 |    43 |     4 ||   124
         Iskenderun's Myst |       |       |    15 |    22 |   126 ||   163
         Fulminant Prism   |       |       |     4 |   120 |   232 ||   356
         Blink             |       |       |     3 |     1 |       ||     4
         Eringya's Noxious |       |       |       |       |     5 ||     5
         Irradiate         |       |       |       |       |     5 ||     5
 Invoke: Recall Ancestor   |       |       |       |    11 |    10 ||    21
         Ancestor Life: Kn |       |       |       |     1 |       ||     1
         Ancestor Identity |       |       |       |     1 |       ||     1
Ability: Breathe Fire      |       |       |       |     1 |     3 ||     4
  Evoke: Wand              |       |     1 |     4 |     2 |     4 ||    11
         Phial of floods   |       |       |       |       |     1 ||     1
    Use: Scroll            |     3 |       |     6 |     7 |    13 ||    29
         Potion            |       |       |     1 |     2 |     1 ||     4
   Stab: Paralysed         |       |     1 |       |       |       ||     1
         Sleeping          |       |     1 |       |       |       ||     1
         Distracted        |       |       |       |       |     2 ||     2
 Armour: Skin              |    19 |    32 |   102 |   100 |   208 ||   461
  Dodge: Dodged            |    23 |    39 |    76 |    65 |   122 ||   325
  Block: Buckler           |       |       |       |     2 |    79 ||    81

Table legend: (Time is in decaauts)
 A = Elapsed time spent in this place.
 B = Non-inter-level travel time spent in this place.
 C = Inter-level travel time spent in this place.
 D = Time resting spent in this place.
 E = Time spent auto-exploring this place.
 F = Levels seen in this place.
 G = Mean time per level.
                   A        B        C        D        E       F      G
               +--------+--------+--------+--------+--------+-----+--------+
         Total |  29998 |  28331 |   1667 |   7618 |   8413 |  27 | 1111.0 |
       Dungeon |  18577 |  17368 |   1209 |   5807 |   6066 |  13 | 1429.0 |
        Temple |     31 |     31 |      0 |      0 |      0 |   1 |   31.0 |
          Lair |   6634 |   6221 |    413 |    417 |   1808 |   5 | 1326.8 |
   Spider Nest |      4 |      4 |      0 |      0 |      0 |   1 |    4.0 |
  Orcish Mines |   1446 |   1402 |     44 |    252 |    103 |   2 |  723.0 |
         Abyss |    270 |    270 |      0 |      0 |      0 |   2 |  135.0 |
         Sewer |   1710 |   1710 |      0 |    947 |    436 |   1 | 1710.0 |
      Ice Cave |    745 |    745 |      0 |    106 |      0 |   1 |  745.0 |
      Gauntlet |    576 |    576 |      0 |     88 |      0 |   1 |  576.0 |
               +--------+--------+--------+--------+--------+-----+--------+

Top non-repeatable levels by time:
     D:5: 3348 daAuts
     D:1: 2281 daAuts
     D:3: 1783 daAuts
  Lair:5: 1733 daAuts
   Sewer: 1710 daAuts
    D:12: 1585 daAuts
  Lair:4: 1434 daAuts
     D:7: 1417 daAuts
  Lair:1: 1387 daAuts
     D:2: 1319 daAuts
     D:9: 1313 daAuts
    D:11: 1264 daAuts
     D:8: 1174 daAuts
     D:4: 1140 daAuts
  Lair:3: 1047 daAuts
